 Dungeon Crawl Stone Soup version 0.27-a0-1191-g601b473118 (webtiles) character file.

Game seed: 6775635627911894301

51 freelancePsychic the Firebug (level 3, -3/26 HPs)
             Began as a Draconian Fire Elementalist on May 25, 2021.
             Slain by Sigmund
             ... wielding a +0 scythe
              (4 damage)
             ... on level 2 of the Dungeon.
             The game lasted 00:03:51 (2202 turns).

freelancePsychic the Firebug (DrFE)                 Turns: 2202, Time: 00:03:52

Health: -3/26      AC:  5    Str: 10    XL:     3   Next: 57%
Magic:  1/6        EV: 12    Int: 16    God:
Gold:   76         SH:  0    Dex: 11    Spells: 5/6 levels left

rFire    . . .     SeeInvis .   i - +0 whip (venom)
rCold    . . .     Faith    .   (no shield)
rNeg     . . .     Spirit   .   (armour unavailable)
rPois    .         Reflect  .   (helmet restricted)
rElec    .         Harm     .   (no cloak)
rCorr    .         Rampage  .   (no gloves)
Will     .....                  (no boots)
Stlth    ++........             (no amulet)
HPRegen  0.08/turn              (no ring)
MPRegen  0.10/turn              (no ring)

@: very slightly contaminated
A: AC +5, unfitting armour, cold-blooded
a: no special abilities


You were on level 2 of the Dungeon.
You visited 1 branch of the dungeon, and saw 2 of its levels.

You collected 76 gold pieces.

Inventory:

Hand Weapons
 a - a +1 dagger of venom
 g - a +0 whip
 i - a +0 whip of venom (weapon)
Missiles
 k - 11 poisoned darts
Scrolls
 b - 2 scrolls of enchant weapon {unknown}
 d - a scroll of fear {unknown}
 e - a scroll of noise {unknown}
 f - a scroll of identify {unknown}
Potions
 c - a potion of magic {unknown}
 h - a potion of lignification {unknown}
 j - a potion of resistance {unknown}


   Skills:
 - Level 1.7 Dodging
 - Level 1.7 Stealth
 + Level 2.4 Spellcasting
 * Level 2.3 Conjurations
 * Level 3.7 Fire Magic


You had 5 spell levels left.
You knew the following spells:

 Your Spells              Type           Power      Damage    Failure   Level
a - Foxfire               Conj/Fire      44%        2x1d6     6%          1

Your spell library contained the following spells:

 Spells                   Type           Power      Damage    Failure   Level
 Conjure Flame            Conj/Fire      11%        6-21      17%         3
 Inner Flame              Hex/Fire       7%         N/A       28%         3
 Sticky Flame             Conj/Fire      11%        2d3       50%         4
 Fireball                 Conj/Fire      5%         3d5       85%         5


Dungeon Overview and Level Annotations

Branches:
Dungeon (2/15)

Altars:

Shops:
D:1 [

Annotations:
D:2 Sigmund


Innate Abilities, Weirdness & Mutations

Your plain brown scales are hard. (AC +5)
You cannot fit into any form of body armour.
You are cold-blooded and may be slowed by cold attacks.


Message History

The magic dart hits you. Sigmund barely misses you.
Sigmund points at you and mumbles some strange words.
You are more confused.
Sigmund misses you.
You miss Sigmund.
Your tail-slap misses Sigmund.
Sigmund is severely wounded.
Sigmund hits you with a +0 scythe.
You miss Sigmund.
Sigmund is severely wounded.
Sigmund misses you.
Your magical contamination has completely faded away.
Sigmund gestures at you while chanting. You resist with significant effort.
You're too confused to move!
Sigmund hits you with a +0 scythe. Sigmund hits you but does no damage.
You hit Sigmund.
Sigmund is poisoned.
Sigmund is severely wounded.
You feel less confused. Sigmund gestures at you while chanting.
The magic dart hits you!
* * * LOW HITPOINT WARNING * * *
Sigmund barely misses you.
Casting: Foxfire (safe; 6% risk of failure)
Confirm with . or Enter, or press ? or * to list all spells.
You conjure some foxfire!
Sigmund barely misses you.
Casting: Foxfire (safe; 6% risk of failure)
Confirm with . or Enter, or press ? or * to list all spells.
You miscast Foxfire.
You are very lightly contaminated with residual magic.
Nothing appears to happen.
The foxfire hits Sigmund.
Sigmund is severely wounded.
The foxfire hits Sigmund.
Sigmund is severely wounded.
Sigmund hits you with a +0 scythe.
* * * LOW HITPOINT WARNING * * *
Casting: Foxfire (safe; 6% risk of failure)
Confirm with . or Enter, or press ? or * to list all spells.
You conjure some foxfire!
Sigmund hits you with a +0 scythe.
You die...

##.# #.#....######.#############
...# #......'...................
########.....####.#.#############
.............# #†#.#
########.....# #.#.#
########.....# #.#.#
†......#.....####.#.#
######.#.#+##...v§#.# .......#.
#...@.#.# ######## #.....v@.#.#
####....## .......' ###....##
######


You could see Sigmund (very poisoned, ally target).

Vanquished Creatures
  An adder (D:2)
  2 worms (D:2)
  2 dart slugs (D:1)
  2 endoplasms (D:1)
  A giant cockroach (D:2)
  A goblin (D:1)
  3 hobgoblins
  5 jackals (D:1)
  2 quokkas (D:1)
  A ball python (D:2)
  2 bats
  2 frilled lizards
  4 kobolds
  A rat (D:1)
29 creatures vanquished.

Vanquished Creatures (others)
  68 foxfires
68 creatures vanquished.

Grand Total: 97 creatures vanquished

Notes
Turn   | Place    | Note
-------+----------+-------------------------------------------
     0 | D:1      | freelancePsychic the Draconian Fire Elementalist began the
                  | quest for the Orb.
     0 | D:1      | Reached XP level 1. HP: 14/14 MP: 3/3
   407 | D:1      | Reached XP level 2. HP: 11/20 MP: 1/5
  1330 | D:1      | Found Numonn's Antique Armour Emporium.
  1573 | D:2      | Reached XP level 3. HP: 26/26 MP: 2/6
  2184 | D:2      | Noticed Sigmund
  2201 | D:2      | HP: 1/26 [Sigmund/+0 scythe (6)]
  2202 | D:2      | Slain by Sigmund

Illustrated notes

Levels and vault maps discovered:
D:1:      dpeg_arrival_three_bigger_balls, layout_basic, serial_shops, shop,
          minmay_misc_feat_secret_circle
D:2:      layout_basic, uniq_sigmund

Skill      XL: |  1  2 |
---------------+-------+-----
Conjurations   | 2 |  2.3
Dodging        | |  1.7
Stealth        | |  1.7
Spellcasting   | |  2.4
Fire Magic     | |  3.7

Action                   || total
-------------------------++-------
Melee: Whip              ||    69
       Tailslap          ||     8
       Dagger            ||     5
 Cast: Foxfire           ||    42
 Stab: Sleeping          ||     1
Armor: Skin              ||    24
Dodge: Dodged            ||    51

Table legend: (Time is in decaauts)
 A = Elapsed time spent in this place.
 B = Non-inter-level travel time spent in this place.
 C = Inter-level travel time spent in this place.
 D = Time resting spent in this place.
 E = Time spent auto-exploring this place.
 F = Levels seen in this place.
 G = Mean time per level.
                   A        B        C        D        E       F      G
               +--------+--------+--------+--------+--------+-----+--------+
         Total |   2206 |   2197 |      9 |      0 |   1944 |   2 | 1103.0 |
       Dungeon |   2206 |   2197 |      9 |      0 |   1944 |   2 | 1103.0 |
               +--------+--------+--------+--------+--------+-----+--------+

Top non-repeatable levels by time:
     D:1: 1462 daAuts
     D:2: 743 daAuts
